And, lawful female human Valkyrie --------- |.....^.| ------- |..----+-- |>...0-------.|$$...| -----........|.|$$$$$| |...|-....--.|.|$$$$$| |...|..--....|.|$$$$$| |...|..-----.|.|$$$$$| --.........|.|.|+----| |.....---.|.|.#...+.| |.|.....|.|.|.|...|-| |.|.|.|...|.|.#00.+.| --.---...|.|.|.|...|-| |.....----.|.|.#...+.| |...h@.........|------ ----....|......| |....|..----- --------- And the Fighter Experience level: 9 Strength: 18/05 Dexterity: 11 Constitution: 18 Intelligence: 9 Wisdom: 10 Charisma: 9 Health: 0(73) Energy: 21(21) AC: 10 Gold: 1565 Moves: 9088 Your Inventory: Coins $ - 1565 gold pieces Weapons a - the blessed rustproof +1 Excalibur (weapon in hand) b - a blessed +0 dagger t - 8 uncursed +0 daggers Armor c - an uncursed very burnt +3 small shield B - an [uncursed] +0 dwarvish iron helm D - an [uncursed] +0 studded leather armor G - an [uncursed] very burnt +0 dwarvish cloak H - an [uncursed] +0 pair of iron shoes Comestibles j - 2 [uncursed] lizard corpses m - an [uncursed] partly eaten food ration A - 3 [uncursed] tripe rations K - 3 [uncursed] food rations U - an [uncursed] slime mold Potions r - an uncursed potion of monster detection s - an [uncursed] clear potion [of water] Y - a blessed potion of restore ability Z - an uncursed potion of object detection Rings o - an uncursed ring of conflict Wands d - an [uncursed] walnut wand [of make invisible (0:5)] p - an uncursed wand of teleportation (0:5) F - an [uncursed] wand of teleportation [0:5] J - a [cursed] wand of slow monster [0:5] Q - an [uncursed] tin wand [of speed monster (0:5)] Tools e - an [uncursed] pair of lenses g - an [uncursed tin] whistle i - a cursed sack l - an [uncursed +0] unicorn horn I - an [uncursed +0] pick-axe M - a [cursed] blindfold N - a [cursed] lock pick Contents of the sack: 738 gold pieces an [uncursed] oval amulet [of ESP] a [blessed] clear potion [of holy water] an [uncursed] potion of paralysis an [uncursed] sky blue potion [of sickness] Spells known in the end: Name Level Category Fail Memory Your skills at the end: Fighting Skills Weapon Skills dagger [Basic / Expert] long sword [Skilled / Expert] Spellcasting Skills Final Attributes: You were piously aligned. Hunger level was 702. Your alignment was 53 / 55. Monster difficulty range was 1 - 7. Level difficulty was 6. You were immune to cold. You resisted poison. You were immune to level-drain. You were telepathic. You had automatic searching. You were going to confuse monsters. You were stealthy. You were fast. You were lucky (1). You are dead. Vanquished creatures: a ghost a small mimic a rodent of unusual size an ettin mummy a pyrolisk a freezing sphere a flaming sphere a tengu a crocodile 2 giant beetles a quivering blob 4 wolves a lynx a panther a spotted jelly a leprechaun a mumak 2 dwarf mummies 2 brown puddings an owlbear a yeti 3 lizards a dingo a housecat a black unicorn a raven a gnome mummy 2 snakes a rope golem 2 soldier ants a bugbear a wood nymph 2 rock piercers an enormous rat a rock mole a pony 2 fog clouds 2 yellow lights a shrieker a kobold mummy a black naga hatchling an elf zombie a ghoul 2 baby crocodiles 11 giant ants a little dog 2 floating eyes 5 kittens 2 dwarves a kobold lord 2 rothes a rabid rat a centipede 5 orc zombies 2 iguanas 14 killer bees an acid blob 5 coyotes a gas spore 5 manes a large kobold a giant rat a brown mold 5 yellow molds a green mold 2 red molds a gnome 3 gnome zombies 9 geckos 6 jackals a fox 3 goblins 4 grid bugs 4 lichens 3 kobold zombies 2 newts 164 creatures vanquished. Voluntary challenges: You used a wielded weapon 198 times. You read items or engraved 35 times. You put on armor 7 times. You never genocided any monsters. You never polymorphed an object. You never changed form. You used no wishes. You wrote Elbereth's name 22 times. You encountered 1 bones level. You used 2 Sokoban shortcuts. Dungeon overview: The Dungeons of Doom: levels 1 to 10 Level 1 a long staircase Level 2 some fountains stairs to The Gnomish Mines Level 3 some fountains Level 4 a fountain Level 7 a potion shop Level 8 many fountains Level 9 a jewelry store stairs to Sokoban The Gnomish Mines: Level 3 stairs to The Dungeons of Doom Sokoban: levels 6 to 8 Level 6 <- You were here Level 8 a magic chest stairs to The Dungeons of Doom History has recorded: On T:1 you entered the Dungeons of Doom to retrieve the Amulet of Yendor! On T:482 you reached level 2 of The Dungeons of Doom. On T:586 you advanced to experience level 2. On T:668 you advanced to experience level 3. On T:712 you reached level 3 of The Dungeons of Doom. On T:975 you reached level 1 of The Gnomish Mines. On T:1009 you advanced to experience level 4. On T:1366 you reached level 4 of The Dungeons of Doom. On T:1613 you advanced to experience level 5. On T:2018 you reached level 5 of The Dungeons of Doom. On T:2080 you advanced to experience level 6. On T:2580 you advanced to experience level 7. On T:2773 you reached level 6 of The Dungeons of Doom. On T:2947 you reached level 7 of The Dungeons of Doom. On T:3159 you advanced to experience level 8. On T:4418 you reached level 8 of The Dungeons of Doom. On T:5319 you advanced to experience level 9. On T:5382 you reached level 9 of The Dungeons of Doom. On T:5541 you reached level 3 of Sokoban. On T:5579 you reached level 10 of The Dungeons of Doom. On T:6954 you reached level 2 of Sokoban. On T:7531 you reached level 1 of Sokoban. Latest messages: The dwarf lord thrusts his dagger. The dwarf lord hits! The dwarf lord thrusts his dagger. The dwarf lord hits! [HP-13=50] The dwarf lord thrusts his dagger. The dwarf lord hits! The dwarf lord thrusts his dagger. The dwarf lord hits! [HP-17=33] [HP+1=34] The dwarf lord thrusts his dagger. The dwarf lord hits! The dwarf lord thrusts his dagger. The dwarf lord hits! [HP-18=16] The dwarf lord thrusts his dagger. The dwarf lord hits! The dwarf lord thrusts his dagger. The dwarf lord hits! [HP-15=1] [HP+1=2] The dwarf lord thrusts his dagger. The dwarf lord hits! You die... Final status: Farvel And the Valkyrie... You died in Sokoban on dungeon level 6 with 14831 points, and 2303 pieces of gold, after 9088 moves. You were level 9 with a maximum of 73 hit points when you died.